 Dungeon Crawl Stone Soup version 0.31.0-10-gcf4a605ca0 (webtiles) character file.

Game seed: 4904212971064221741

95 Flugkiller the Ruffian (level 4, -5/42 HPs)
             Began as a Troll Enchanter on Jan 25, 2024.
             Slain by Natasha (8 damage)
             ... on level 3 of the Dungeon.
             The game lasted 00:01:07 (1844 turns).

Flugkiller the Ruffian (Troll Enchanter)            Turns: 1844, Time: 00:01:08

Health: -5/42      AC:  4    Str: 18    XL:     4   Next: 39%
Magic:  4/4        EV:  9    Int: 11    God:
Gold:   138        SH:  0    Dex: 10    Spells: 5/5 levels left

rFire   . .          .
                       - Unarmed
rCold   . . .        (no shield)
rNeg    . . .        b - +0 robe
rPois   .            (helmet restricted)
rElec   .            (no cloak)
rCorr   .            (gloves unavailable)
SInv    .            (boots unavailable)
Will    .....        (no amulet)
Stlth   ++           (no ring)
HPRegen 1.07/turn    (no ring)
MPRegen 0.09/turn

%: no passive effects
@: slowed, very slow
A: large, unfitting armour, claws 3, regeneration 1, shaggy fur 1, tough skin 1
a: no special abilities


You were on level 3 of the Dungeon.
You visited 1 branch of the dungeon, and saw 3 of its levels.

You collected 138 gold pieces.

Inventory:

Missiles
 a - 5 poisoned darts (quivered)
Armour
 b - a +0 robe (worn)


   Skills:
 + Level 1.7 Fighting
 - Level 0.7 Short Blades
 - Level 1.5 Dodging
 - Level 1.5 Stealth
 * Level 3.2 Unarmed Combat
 - Level 1.2 Spellcasting
 - Level 2.0 Hexes


You had 5 spell levels left.
You didn't know any spells.
Your spell library contained the following spells:

 Spells                   Type           Power      Damage    Failure   Level
 Ensorcelled Hibernation  Hex/Ice        4%         N/A       32%         2
 Confusing Touch          Hex            5%         N/A       38%         3
 Tukima's Dance           Hex            5%         N/A       38%         3
 Dazzling Flash           Conj/Hex       4%         N/A       54%         3
 Fugue of the Fallen      Necr           0%         N/A       67%         3
 Ozocubu's Armour         Ice            0%         N/A       67%         3
 Manifold Assault         Tloc           0%         N/A       97%         4


Dungeon Overview and Level Annotations

Branches:
Dungeon (3/15) Zot: 16158

Altars:
Gozag

Annotations:
D:3 3 runed translucent doors, Natasha; ymhsbmbesitwf's ghost, amateur GrBe


Innate Abilities, Weirdness & Mutations

You are too large for most types of armour.
You have claws for hands.
Your natural rate of healing is unusually fast.
You are covered in fur. (AC +1)
You have tough skin. (AC +1)


Message History

The ball python bites you but does no damage.
The ball python bites you.
You claw the ball python!
You kill the ball python!
No target in view!
No target in view!
No target in view!
No target in view!
No target in view!
Found a fuming sapphire potion.
No target in view!
A bat comes into view.
A bat is nearby!
The bat barely misses you. The bat closely misses you.
You closely miss the bat. The bat hits you but does no damage.
The bat hits you but does no damage.
You closely miss the bat. The bat hits you but does no damage.
You barely miss the bat. The bat hits you. The bat misses you.
The bat hits you but does no damage.
You barely miss the bat. The bat hits you but does no damage.
A bat is nearby!
The bat barely misses you.
A bat is nearby!
The bat hits you but does no damage. x2; The bat misses you.
You barely miss the bat. The bat hits you.
You claw the bat!
You kill the bat!
No target in view!
No target in view!
No target in view!
No target in view!
No target in view!
No target in view!
Key pressed, stopping explore.
No target in view!
There is a stone staircase leading down here.
Found an opulent altar of Gozag.
Found a runed translucent gate.
The rat squeaks loudly.
The jelly quivers.
Ymhsbmbesitwf's ghost turns its malevolent gaze towards you.
The jelly jiggles.
Things that are here:
a +0 whip; 2 stones; a kobold skeleton Key pressed, stopping explore.
No target in view!
No target in view!
No target in view!
No target in view!
No target in view!
No target in view!
You see here a +0 short sword.
There is a stone staircase leading down here.
Key pressed, stopping explore.
Found a broad axe.
You see here a +0 broad axe.
You see here a +0 broad axe.
Natasha, Servant of Life and Death comes into view.
She is carrying a wand of flame.
Natasha hisses angrily.
Natasha growls.
Natasha mumbles some strange words.
Natasha stares at you and mumbles some strange words.
You feel yourself slow down. The cerulean imp closely misses you.
Natasha casts a spell at you. The magic dart hits you.
You barely miss Natasha. The cerulean imp closely misses you.
Natasha stares at you and mumbles some strange words.
The magic dart hits you. The cerulean imp completely misses you.
You closely miss Natasha.
Natasha mumbles some strange words.
The cerulean imp barely misses you.
Natasha zaps a wand.
The puff of flame hits you!
You scratch Natasha but do no damage.
The cerulean imp hits you but does no damage.
Natasha claws you.
The cerulean imp hits you from afar with a +2 spear.
You are too injured to fight recklessly!
You are too injured to fight recklessly!
You scratch Natasha.
Natasha is moderately wounded.
The cerulean imp hits you but does no damage.
Natasha zaps a wand.
The puff of flame hits you!
The cerulean imp hits you from afar with a +2 spear!
* * * LOW HITPOINT WARNING * * *
The cerulean imp hits you but does no damage.
You scratch Natasha.
Natasha is moderately wounded.
Natasha barely misses you.
The cerulean imp hits you but does no damage.
The cerulean imp closely misses you. Natasha claws you.
* * * LOW HITPOINT WARNING * * *
The cerulean imp closely misses you.
You closely miss Natasha.
Natasha is moderately wounded.
The cerulean imp hits you from afar with a +2 spear.
* * * LOW HITPOINT WARNING * * *
Natasha claws you!
You die...
Natasha curls up and begins to purr.

..##.####.###.#
#.##.# #.# #.#
.#...# #.# #.#
#.#### #.###.# #.#
#.##...# #.#
#.#.....##
#.#######.#....5.#
..........#...5.h#
..######### #@#
### #.# #.# #.# #
#.# # #.#
################.#
.................#
##################


You could see Natasha and 2 cerulean imps.

Vanquished Creatures
  2 adders
  A gnoll (D:1)
  3 orcs
  7 bats
  4 endoplasms
  4 giant cockroaches
  7 goblins
  5 hobgoblins
  5 quokkas
  7 ball pythons
  4 frilled lizards
  7 kobolds
  2 rats (D:1)
58 creatures vanquished.

Notes
Turn   | Place    | Note
-------+----------+-------------------------------------------
     0 | D:1      | Flugkiller the Troll Enchanter began the quest for the Orb.
     0 | D:1      | Reached XP level 1. HP: 16/16 MP: 1/1
    35 | D:1      | Reached skill level 1 in Unarmed Combat
   108 | D:1      | Reached XP level 2. HP: 18/26 MP: 2/2
   197 | D:1      | Reached skill level 1 in Fighting
   197 | D:1      | Reached skill level 2 in Unarmed Combat
   218 | D:1      | Reached XP level 3. HP: 31/33 MP: 3/3
  1188 | D:3      | Reached skill level 3 in Unarmed Combat
  1188 | D:3      | Reached XP level 4. HP: 36/41 MP: 4/4
  1610 | D:3      | Found a runed translucent gate.
  1610 | D:3      | Found a runed translucent gate.
  1610 | D:3      | Found an opulent altar of Gozag.
  1611 | D:3      | Found a runed translucent gate.
  1612 | D:3      | Noticed ymhsbmbesitwf's ghost (amateur GrBe)
  1834 | D:3      | Noticed Natasha
  1844 | D:3      | Slain by Natasha

Illustrated notes

Levels and vault maps discovered:
D:1:      dpeg_arrival_fog, layout_basic
D:2:      layout_basic
D:3:      layout_loops_ring, serial_glass, glass_columns_b, glass_columns_b,
          ebering_ghost_gozag, uniq_natasha

Skill      XL: |  1  2  3 |
---------------+----------+-----
Unarmed Combat | 1 2 3 |  3.2
Fighting       | 1 |  1.7
Short Blades   | |  0.7
Dodging        | |  1.5
Stealth        | |  1.5
Spellcasting   | |  1.2
Hexes          | |  2.0

Action                     |  1- 3 |  4- 6 || total
---------------------------+-------+-------++-------
  Melee: Unarmed           |   110 |    51 ||   161
         Punch             |     2 |     2 ||     4
   Stab: Sleeping          |     3 |       ||     3
 Armour: Robe              |    61 |    55 ||   116
  Dodge: Dodged            |    49 |    37 ||    86
